 Dungeon Crawl Stone Soup version 0.26-a0-30-g56b8cd3df0 (webtiles) character file.

Game seed: 14457574840478329825, levelgen mode: deterministic

9 Hasart the Grave Robber (level 2, -3/19 HPs)
             Began as a Demonspawn Necromancer on June 3, 2020.
             Slain by a kobold
             ... wielding a +0 short sword
              (4 damage)
             ... on level 1 of the Dungeon.
             The game lasted 00:01:43 (795 turns).

Hasart the Grave Robber (Demonspawn Necromancer)     Turns: 795, Time: 00:01:44

Health: -3/19      AC:  2    Str:  8    XL:     2   Next: 6%
Magic:  5/5        EV: 12    Int: 16    God:
Gold:   18         SH:  0    Dex: 13    Spells: 4/5 levels left

rFire    . . .     SeeInvis .   i - +0 short sword
rCold    . . .     Gourm    .   (no shield)
rNeg     . . .     Faith    .   a - +0 robe
rPois    .         Spirit   .   (no helmet)
rElec    .         Reflect  .   (no cloak)
rCorr    .         Harm     .   (no gloves)
MR       .....                  (no boots)
Stlth    ++........             (no amulet)
HPRegen  0.06/turn              (no ring)
MPRegen  0.09/turn              (no ring)

@: no status effects
A: spiny 1
a: no special abilities


You were on level 1 of the Dungeon.
You were not hungry.

You visited 1 branch of the dungeon, and saw 1 of its levels.

You collected 18 gold pieces.

Inventory:

Hand Weapons
 i - a +0 short sword (weapon)
Armour
 a - a +0 robe (worn)
Jewellery
 d - an uncursed ring of ice
Scrolls
 b - a scroll of immolation {unknown}
 g - a scroll of enchant weapon {unknown}
 h - a scroll of remove curse {unknown}
 j - a scroll of random uselessness {unknown}
 k - a scroll of fog {unknown}
 m - a scroll of teleportation {unknown}
Potions
 e - a potion of stabbing {unknown}
 l - a potion of degeneration {unknown}
Comestibles
 c - 2 rations
 f - a chunk of flesh


   Skills:
 + Level 2.0 Dodging
 - Level 1.7 Stealth
 + Level 2.1 Spellcasting
 * Level 4.7 Necromancy


You had 4 spell levels left.
You knew the following spells:

 Your Spells              Type           Power        Failure   Level  Hunger
a - Pain                  Necr           ###.         3%          1    #......

Your spell library contained the following spells:

 Spells                   Type           Power        Failure   Level  Hunger
 Animate Skeleton         Necr           N/A          3%          1    #......
 Vampiric Draining        Necr           ###.......   9%          3    ###....
 Animate Dead             Necr           N/A          30%         4    #####..
 Agony                    Necr           ###.....     63%         5    ######.


Dungeon Overview and Level Annotations

Branches:
Dungeon (1/15)

Altars:


Innate Abilities, Weirdness & Mutations

You are partially covered in sharp spines.


Message History

The kobold is struck by your spines. The kobold closely misses you.
The kobold throws a stone.
The stone hits you but does no damage. The kobold hits you with a +0 whip.
The kobold throws a stone.
The stone hits you but does no damage. The kobold is struck by your spines.
The kobold closely misses you.
The kobold throws a stone.
The stone hits you but does no damage. The kobold hits you with a +0 whip.
The kobold hits you but does no damage.
The kobold hits you with a +0 short sword.
The kobold hits you with a +0 whip.
* * * LOW HITPOINT WARNING * * *
The kobold is struck by your spines.
The kobold hits you with a +0 short sword.
* * * LOW HITPOINT WARNING * * *
The kobold hits you with a +0 whip.
* * * LOW HITPOINT WARNING * * *
The kobold barely misses you. The kobold hits you but does no damage.
The kobold hits you with a +0 short sword.
You die...

###### ##########
.....####.รท.......
.......##.########
.......##.#.. ..#
.......##.#.####.####
...)...##.#.#.......#
.......'...>...#.##.#
.......##.######K#
..........# #@#
.)........# #K.......
.....)....# ######.##
..........#
..........#
..........#
.......(..#
..........#
...........


You could see 2 kobolds.

Vanquished Creatures
  2 bats (D:1)
  2 goblins (D:1)
  A hobgoblin (D:1)
  A kobold (D:1)
  2 rats (D:1)
8 creatures vanquished.

Notes
Turn   | Place    | Note
-------+----------+-------------------------------------------
     0 | D:1      | Hasart the Demonspawn Necromancer began the quest for the
                  | Orb.
     0 | D:1      | Reached XP level 1. HP: 13/13 MP: 3/3
   483 | D:1      | Gained mutation: You are partially covered in sharp spines.
                  | [demonic ancestry]
   483 | D:1      | Reached XP level 2. HP: 7/19 MP: 0/5
   795 | D:1      | Slain by a kobold

Illustrated notes

Levels and vault maps discovered:
D:1:      dpeg_arrival_simpleton_c, layout_basic, hangedman_abyss_or_decor_stabs

Skill      XL: |  1 |
---------------+----+-----
Dodging        | 2 |  2.0
Stealth        | |  1.7
Spellcasting   | |  2.1
Necromancy     | |  4.7

Action                   || total
-------------------------++-------
Melee: Short sword       ||     3
 Cast: Pain              ||     9
Armor: Robe              ||     5
Dodge: Dodged            ||     5

Table legend:
 A = Non-vault XP
 B = Vault XP
 C = Vault XP percentage of total XP
 D = Non-vault monster count
 E = Vault monster count
 F = Vault count percentage of total count
                 A         B        C        D         E       F
            +---------+---------+-------+---------+---------+-------
      Total |      14 |       0 |   0.0 |       8 |       0 |   0.0
            +---------+---------+-------+---------+---------+-------
        D:1 |      14 |       0 |   0.0 |       8 |       0 |   0.0
            +---------+---------+-------+---------+---------+-------
